 Dungeon Crawl Stone Soup version 0.24-a0-139-geb6712d24a (webtiles) character file.

Game seed: 9945039615470955594

115 Majang the Sneak (level 4, -1/21 HPs)
             Began as a Spriggan Enchanter on Mar 3, 2019.
             Slain by a water moccasin (6 damage)
             ... on level 3 of the Dungeon.
             The game lasted 00:13:50 (3653 turns).

Majang the Sneak (Spriggan Enchanter)               Turns: 3653, Time: 00:13:51

Health: -1/21      AC:  3    Str:  5    XL:     4   Next: 68%
Magic:  1/10       EV: 18    Int: 16    God:
Gold:   155        SH:  0    Dex: 16    Spells: 7/10 levels left

rFire    . . .     SeeInvis +   b - +0 dagger (flame)
rCold    . . .     Gourm    .   (shield restricted)
rNeg     . . .     Faith    .   Y - +0 robe
rPois    .         Spirit   .   (helmet restricted)
rElec    .         Reflect  .   f - +0 cloak
rCorr    .         Harm     .   (gloves unavailable)
MR       .....                  (boots unavailable)
Stlth    +++.......             (no amulet)
HPRegen  0.07/turn              (no ring)
MPRegen  0.12/turn              (no ring)

@: flying, very slightly contaminated, very quick
A: very small, unfitting armour, see invisible, herbivore, speed 3, slow
metabolism 2
a: no special abilities


You were on level 3 of the Dungeon.
You were not hungry.

You visited 1 branch of the dungeon, and saw 3 of its levels.

You collected 155 gold pieces.

Inventory:

Hand Weapons
 a - a +1 dagger
 b - a +0 dagger of flaming (weapon)
Armour
 f - a +0 cloak (worn)
 Y - a +0 robe (worn)
Scrolls
 c - 3 scrolls of enchant armour {unknown}
 d - a scroll of fear {unknown}
 g - a scroll of immolation {unknown}
 h - 3 scrolls of blinking {unknown}
 j - a scroll of teleportation {unknown}
 l - a scroll of noise {unknown}
 m - 2 scrolls of remove curse {unknown}
 n - 2 scrolls of identify {unknown}
 o - a scroll of amnesia {unknown}
Potions
 e - a potion of brilliance
 k - a potion of flight
Comestibles
 y - 7 rations


   Skills:
 + Level 2.4 Short Blades
 - Level 3.0 Dodging
 - Level 4.7 Stealth
 + Level 3.6 Spellcasting
 + Level 4.4 Hexes
 * Level 1.8 Ice Magic


You had 7 spell levels left.
You knew the following spells:

 Your Spells              Type           Power        Failure   Level  Hunger
a - Corona                Hex            ###....      3%          1    None
b - Ensorcelled Hibernat  Hex/Ice        ##....       8%          2    ##.....

Your spell library contained the following spells:

 Spells                   Type           Power        Failure   Level  Hunger
 Confuse                  Hex            ###.....     9%          3    ###....
 Tukima's Dance           Hex            ###.....     9%          3    ###....
 Dazzling Spray           Conj/Hex       #.....       22%         3    ###....


Dungeon Overview and Level Annotations

Branches:
Dungeon (3/15)

Altars:
Makhleb
Okawaru
Vehumet


Innate Abilities, Weirdness & Mutations

You are very small and have problems with some larger weapons.
You are too small for most types of armour.
You have supernaturally acute eyesight. (SInv)
You are a herbivore.
You cover ground extremely quickly.
You need to consume almost no food.


Message History

Aiming: Ensorcelled Hibernation (safe; 8% risk of failure)
Press: ? - help, Shift-Dir - straight line, f/p - water moccasin
Aim: a water moccasin (chance to defeat MR: 43%)
The water moccasin looks drowsy...
The helpless water moccasin fails to defend itself.
You impale the water moccasin!! You burn the water moccasin.
The water moccasin is almost dead.
The water moccasin bites you!
A water moccasin is nearby!
You aren't carrying any items that you can evoke.
It was a potion of flight.
You feel very buoyant.
You fly up into the air.
The water moccasin bites you but does no damage.
The water moccasin bites you!
* * * LOW HITPOINT WARNING * * *
You hit the water moccasin but do no damage.
The water moccasin is almost dead.
The water moccasin bites you.
You die...

...........# ..
...........##..
...........#..
.............
#..........#
##.........####.
...#............
#.....S.....#
##....@.[...#
#.##...##### ###
##..##
.#...###...#
...........#
....####...# .
##†## #.†###
#....#


You could see a water moccasin.

Vanquished Creatures
  3 gnolls (D:2)
  2 adders (D:2)
  3 worms (D:2)
  3 dart slugs
  A leopard gecko (D:2)
  3 orcs
  A ball python (D:1)
  A giant cockroach (D:1)
  8 hobgoblins
  2 quokkas (D:2)
  3 bats
  2 frilled lizards (D:2)
  9 goblins
  8 kobolds
  2 rats
51 creatures vanquished.

Notes
Turn   | Place    | Note
-------+----------+-------------------------------------------
     0 | D:1      | Majang the Spriggan Enchanter began the quest for the Orb.
     0 | D:1      | Reached XP level 1. HP: 9/9 MP: 5/5
   529 | D:1      | Reached XP level 2. HP: 13/13 MP: 4/6
   533 | D:1      | Learned a level 2 spell: Ensorcelled Hibernation
  1415 | D:2      | Reached XP level 3. HP: 16/16 MP: 4/8
  1748 | D:2      | Reached skill level 1 in Ice Magic
  1925 | D:2      | Found a burning altar of Makhleb.
  2404 | D:2      | Reached XP level 4. HP: 21/21 MP: 7/10
  2652 | D:2      | Found a radiant altar of Vehumet.
  3112 | D:3      | Noticed a water moccasin
  3345 | D:3      | Found an iron altar of Okawaru.
  3653 | D:3      | Slain by a water moccasin

Levels and vault maps discovered:
D:1:      elethiomel_arrival_quiet, layout_rooms
D:2:      layout_basic, grunt_temple_overflow_open, first_ration,
          grunt_decor_mini_mirrors
D:3:      layout_rooms, lemuel_crystal_altar, gammafunk_temple_overflow_pools,
          okawaru_ov_weapons_minmay

Skill      XL: |  1  2  3 |
---------------+----------+-----
Spellcasting   | 3 |  3.6
Hexes          | 4 |  4.4
Ice Magic      | 1 |  1.8
Short Blades   | 2 |  2.4
Dodging        | |  3.0
Stealth        | |  4.7

Action                   |  1- 3 |  4- 6 || total
-------------------------+-------+-------++-------
Melee: Dagger            |   107 |    72 ||   179
 Cast: Corona            |    22 |     9 ||    31
       Ensorcelled Hiber |    13 |    17 ||    30
  Use: Potion            |       |     3 ||     3
 Stab: Sleeping          |    12 |    11 ||    23
  Eat: Ration            |       |     1 ||     1
Armor: Robe              |     9 |     7 ||    16
Dodge: Dodged            |    62 |    44 ||   106

Table legend:
 A = Non-vault XP
 B = Vault XP
 C = Vault XP percentage of total XP
 D = Non-vault monster count
 E = Vault monster count
 F = Vault count percentage of total count
                 A         B        C        D         E       F
            +---------+---------+-------+---------+---------+-------
      Total |     165 |       0 |   0.0 |      51 |       0 |   0.0
            +---------+---------+-------+---------+---------+-------
        D:1 |      33 |       0 |   0.0 |      17 |       0 |   0.0
        D:2 |     118 |       0 |   0.0 |      28 |       0 |   0.0
        D:3 |      14 |       0 |   0.0 |       6 |       0 |   0.0
            +---------+---------+-------+---------+---------+-------
